[Event "NOR-ch Elite 2019"]
[Site "Larvik"]
[Date "2019.07.08"]
[Round "4.6"]
[White "Holm, Kristian Stuvik"]
[Black "Getz, Nicolai"]
[Result "1-0"]
[ECO "B09"]
[WhiteElo "2469"]
[BlackElo "2377"]
[Annotator "ChessBase"]
[PlyCount "125"]
[EventDate "2019.07.05"]
[EventType "swiss"]
[EventCountry "NOR"]
[SourceTitle "playchess.com"]
[Source "ChessBase"]
[SourceQuality "1"]
[TimeControl "40/5400+30:1800+30"]

1. d4 d6 2. e4 Nf6 3. Nc3 g6 4. f4 Bg7 5. Nf3 c5 6. dxc5 Qa5 7. Qd3 Qxc5 8. Be3 Qa5 9. Qb5+ Qxb5 10. Bxb5+ Nc6 11. O-O-O Bg4 12. Rhf1 O-O 13. h3 Bxf3 14. Rxf3 Rfd8 15. g4 a6 16. Be2 Rac8 17. Bb6 Re8 18. Bf2 h6 19. Kb1 b5 20. a3 Na5 21. e5 dxe5 22. fxe5 Nh7 23. Re3 Nf8 24. Bg3 Nc4 25. Bxc4 Rxc4 26. Re4 Rc6 27. a4 bxa4 28. Rxa4 g5 29. Ne4 Ne6 30. Rd5 Rd8 31. Rxd8+ Nxd8 32. Nf2 Ne6 33. Nd3 Nc7 34. c3 Nd5 35. Rd4 e6 36. c4 Ne3 37. b3 Bf8 38. Re4 Ng2 39. Re2 Nh4 40. Bxh4 gxh4 41. Kc2 Kg7 42. Kc3 h5 43. gxh5 Kh6 44. Rg2 Kxh5 45. Rg8 Rc8 46. Rg4 Be7 47. Rg7 Rc7 48. Rg8 Kh6 49. Ra8 Kg6 50. Rxa6 Kf5 51. Ra1 Ke4 52. b4 Kf3 53. c5 Kg3 54. Kc4 Kxh3 55. b5 Kg3 56. b6 Rc8 57. b7 Rb8 58. c6 Bd8 59. Rg1+ Kf3 60. Rf1+ Kg3 61. Nc5 h3 62. Na6 Kg2 63. Rd1 1-0

[Event "NOR-ch Elite 2019"]
[Site "Larvik"]
[Date "2019.07.08"]
[Round "4.7"]
[White "Christiansen, Johan-Sebastian"]
[Black "Mikalsen, Erlend"]
[Result "1-0"]
[ECO "B62"]
[WhiteElo "2548"]
[BlackElo "2404"]
[Annotator "RC"]
[PlyCount "59"]
[EventDate "2019.07.05"]
[EventType "swiss"]
[EventCountry "NOR"]
[SourceTitle "playchess.com"]
[Source "ChessBase"]
[SourceQuality "1"]
[TimeControl "40/5400+30:1800+30"]

1. e4 c5 2. Nf3 d6 3. d4 cxd4 4. Nxd4 Nf6 5. Nc3 Nc6 6. Bg5 e6 7. Qd3 a6 8. Nxc6 bxc6 9. O-O-O Qa5 10. Qg3 Be7 11. h4 Rb8 12. Bc4 h6 13. Bd2 Qe5 14. Bf4 Qc5 15. Bxd6 Bxd6 16. Qxd6 Qxd6 17. Rxd6 Ke7 18. Rxc6 a5 19. Rc7+ Bd7 20. e5 Ng4 21. Rd1 Nxe5 22. Bb5 Rhc8 23. Ra7 Rxc3 24. bxc3 Rxb5 25. f4 Ke8 26. fxe5 Bc6 27. Rd6 Bxg2 28. Rdd7 Rxe5 29. Re7+ Kd8 30. Rxf7 1-0

[Event "NOR-ch Elite 2019"]
[Site "Larvik"]
[Date "2019.07.08"]
[Round "4.8"]
[White "Moen, Andreas G.R."]
[Black "Mihajlov, Sebastian"]
[Result "1/2-1/2"]
[ECO "D02"]
[WhiteElo "2322"]
[BlackElo "2375"]
[Annotator "NA"]
[PlyCount "22"]
[EventDate "2019.07.05"]
[EventType "swiss"]
[EventCountry "NOR"]
[SourceTitle "playchess.com"]
[Source "ChessBase"]
[SourceQuality "1"]
[TimeControl "40/5400+30:1800+30"]

1. Nf3 Nf6 2. d4 d5 3. g3 c6 4. Bg2 Bg4 5. Ne5 Bf5 6. c4 e6 7. Nc3 Nbd7 8. Qb3 Qb6 9. Nxd7 Nxd7 10. Qxb6 axb6 11. e4 dxe4 1/2-1/2

[Event "NOR-ch Elite 2019"]
[Site "Larvik"]
[Date "2019.07.08"]
[Round "4.9"]
[White "Kaasen, Tor Fredrik"]
[Black "Ranaldi, Lucas"]
[Result "1/2-1/2"]
[ECO "A36"]
[WhiteElo "2376"]
[BlackElo "2262"]
[Annotator "NA"]
[PlyCount "122"]
[EventDate "2019.07.05"]
[EventType "swiss"]
[EventCountry "NOR"]
[SourceTitle "playchess.com"]
[Source "ChessBase"]
[SourceQuality "1"]
[TimeControl "40/5400+30:1800+30"]

1. c4 c5 2. Nc3 Nc6 3. g3 g6 4. Bg2 Bg7 5. b3 e5 6. Bb2 Nge7 7. e3 d6 8. Nge2 Be6 9. O-O O-O 10. Nd5 Qd7 11. f4 f5 12. d3 Rae8 13. Qd2 Kh8 14. a3 b6 15. b4 Bg8 16. Bc3 Nd8 17. Rab1 h6 18. b5 Ne6 19. Qb2 Nxd5 20. Bxd5 Nd8 21. Bg2 Kh7 22. Rbe1 d5 23. cxd5 Bxd5 24. e4 fxe4 25. dxe4 Bc4 26. a4 Ne6 27. Bh3 exf4 28. gxf4 Bxe2 29. Bxe6 Rxe6 30. Rxe2 Bxc3 31. Qxc3 Rd6 32. Qc2 Rd4 33. Rg2 Qe7 34. f5 g5 35. h4 Qxe4 36. Qxe4 Rxe4 37. hxg5 hxg5 38. Kh2 Rf4 39. Rxf4 gxf4 40. Rg5 Kh6 41. Rg6+ Kh5 42. Rg7 c4 43. Rxa7 Rc8 44. a5 bxa5 45. b6 Rb8 46. Rxa5 Rxb6 47. Rc5 Rb2+ 48. Kh3 Rb3+ 49. Kg2 Kg4 50. f6 Rb2+ 51. Kg1 Rb7 52. Kf2 Rb2+ 53. Kg1 Rb6 54. Kf2 Rxf6 55. Rxc4 Ra6 56. Rc2 Rh6 57. Rc3 Rh2+ 58. Kg1 Re2 59. Kf1 Rb2 60. Ra3 f3 61. Ra8 Kg3 1/2-1/2

[Event "NOR-ch Elite 2019"]
[Site "Larvik"]
[Date "2019.07.08"]
[Round "4.10"]
[White "Andersen, Alf Roger"]
[Black "Tryggestad, Andreas Garberg"]
[Result "1/2-1/2"]
[ECO "B85"]
[WhiteElo "2149"]
[BlackElo "2336"]
[Annotator "NA"]
[PlyCount "185"]
[EventDate "2019.07.05"]
[EventType "swiss"]
[EventCountry "NOR"]
[SourceTitle "playchess.com"]
[Source "ChessBase"]
[SourceQuality "1"]
[TimeControl "40/5400+30:1800+30"]

1. e4 c5 2. Nf3 e6 3. d4 cxd4 4. Nxd4 Nc6 5. Nc3 Qc7 6. Be2 Nf6 7. Be3 Be7 8. O-O O-O 9. f4 d6 10. Kh1 Bd7 11. Nb3 a6 12. a4 Nb4 13. Nd4 d5 14. e5 Ne8 15. a5 f6 16. Bg4 f5 17. Bf3 g6 18. Na4 Ng7 19. Nb6 Rad8 20. c3 Nc6 21. Bxd5 Kh8 22. Nxd7 Qxd7 23. Nxc6 bxc6 24. Bc4 Qb7 25. Qe2 Ra8 26. Rad1 c5 27. Rd2 g5 28. fxg5 Qc6 29. Bf4 Qa4 30. Bxa6 Qxa5 31. Bc4 Qa4 32. Bb5 Qa5 33. Bc4 Qa4 34. b3 Qe8 35. Qf3 Qg6 36. Rd7 Rae8 37. h4 Nh5 38. Ra1 h6 39. Raa7 Nxf4 40. Qxf4 hxg5 41. hxg5 Rf7 42. Kg1 Kg8 43. Qf3 Kf8 44. Ra6 Bxg5 45. Rxf7+ Kxf7 46. Ra7+ Re7 47. Rxe7+ Bxe7 48. Kf1 Qg5 49. Ke2 f4 50. Qe4 Qg4+ 51. Kd2 Bg5 52. Kc2 Be7 53. Kb2 Kf8 54. Ka3 Kg7 55. Ka4 Kf7 56. Kb5 Kg7 57. Kc6 Qh5 58. Kd7 Bg5 59. Bxe6 Qh8 60. Qb7 Kg6 61. Qe4+ Kg7 62. Qb7 Kh6 63. Kd6 Qd8+ 64. Kxc5 Qd3 65. Kb4 Qe2 66. Qd5 Be7+ 67. Ka5 Qa2+ 68. Kb5 Qe2+ 69. Kb6 Kg5 70. Bd7 Bd8+ 71. Kb7 Kh4 72. Bc6 Be7 73. Qf7 Qxe5 74. Qh7+ Kg3 75. Qd3+ Kh2 76. Qe4 Qf6 77. b4 Bd6 78. Qh7+ Kg1 79. c4 Qd4 80. Bd5 Be5 81. Qc2 Bd6 82. Qb1+ Kf2 83. Qc2+ Kg1 84. Qg6 Qe5 85. Qh7 Bxb4 86. Qb1+ Be1 87. Qe4 Qg7+ 88. Ka6 Bd2 89. Qe2 Be3 90. Qe1+ Kh2 91. Qh4+ Kg1 92. Qe1+ Kh2 93. Qh4+ 1/2-1/2

[Event "NOR-ch Elite 2019"]
[Site "Larvik"]
[Date "2019.07.08"]
[Round "4.11"]
[White "Vestby-Ellingsen, Mads"]
[Black "Altarbosh, Ward"]
[Result "1-0"]
[ECO "C11"]
[WhiteElo "2335"]
[BlackElo "2202"]
[Annotator "NA"]
[PlyCount "261"]
[EventDate "2019.07.05"]
[EventType "swiss"]
[EventCountry "NOR"]
[SourceTitle "playchess.com"]
[Source "ChessBase"]
[SourceQuality "1"]
[TimeControl "40/5400+30:1800+30"]

1. e4 e6 2. d4 d5 3. Nc3 Nf6 4. e5 Nfd7 5. f4 c5 6. Nf3 Nc6 7. Be3 a6 8. Qd2 b5 9. dxc5 Bxc5 10. Bd3 Qb6 11. Bf2 Bb7 12. a3 b4 13. axb4 Bxf2+ 14. Qxf2 Qxb4 15. Qd2 Nd4 16. Nxd4 Qxd4 17. Qf2 Qxf2+ 18. Kxf2 g5 19. g3 f6 20. exf6 gxf4 21. gxf4 Nxf6 22. Rhg1 Kf7 23. Ne2 Rhg8 24. Rxg8 Rxg8 25. h3 h5 26. Ra4 h4 27. Rb4 Ba8 28. Rb6 d4 29. Rxa6 Rg2+ 30. Kf1 Bd5 31. Ra7+ Kf8 32. Nxd4 Rg3 33. Ra6 Kf7 34. Ra7+ Kg8 35. Ra6 Rxh3 36. Nxe6 Rh1+ 37. Ke2 h3 38. Ng5 h2 39. Rxf6 Re1+ 40. Kxe1 h1=Q+ 41. Kd2 Qh2+ 42. Ke3 Qg1+ 43. Ke2 Qh2+ 44. Ke3 Kg7 45. Rg6+ Kf8 46. Kd4 Bb7 47. Kc5 Qf2+ 48. Kb5 Bd5 49. Rd6 Bg8 50. Ne4 Qh2 51. Rd8+ Kg7 52. Rd7+ Kf8 53. Rd8+ Kg7 54. Rd7+ Kg6 55. Nf2+ Kh5 56. Rg7 Qxf4 57. Rxg8 Qe5+ 58. Ka4 Qd4+ 59. b4 Qxf2 60. Rg6 Qd4 61. Kb3 Qd5+ 62. Ka3 Qd4 63. b5 Qc5+ 64. Kb3 Qd5+ 65. Kb4 Qd4+ 66. Ka5 Qc3+ 67. Kb6 Qd4+ 68. Kc6 Qa4 69. Kb7 Qd4 70. b6 Qd7+ 71. Kb8 Qd8+ 72. Ka7 Qd4 73. Rc6 Kg5 74. Rc4 Qa1+ 75. Kb8 Qe5+ 76. Kc8 Qe8+ 77. Kc7 Qe7+ 78. Kc6 Qe8+ 79. Kc5 Qe5+ 80. Kb4 Qb2+ 81. Ka5 Kf6 82. Rb4 Qa1+ 83. Ra4 Qe5+ 84. Ka6 Qd6 85. Rc4 Ke7 86. Kb5 Qd7+ 87. Ka5 Qd5+ 88. Ka4 Kd6 89. Kb4 Qe5 90. Kb3 Qa1 91. Rb4 Qb1+ 92. Kc4 Qa2+ 93. Rb3 Qa5 94. Rb5 Qa4+ 95. Kc3 Qa8 96. b7 Qb8 97. Kb2 Kc6 98. Kb1 Kc7 99. Be4 Kd6 100. Bf3 Kd7 101. Rb3 Ke7 102. Rb5 Kd7 103. c3 Ke7 104. c4 Kd6 105. c5+ Ke5 106. c6+ Kd6 107. Rb2 Kc7 108. Rb3 Kd6 109. Rd3+ Ke6 110. Bg4+ Ke5 111. Rb3 Kd6 112. Bd7 Kc7 113. Rb2 Kd6 114. Kc1 Kd5 115. Rd2+ Ke4 116. Re2+ Kf3 117. Rd2 Qf4 118. Be6 Ke3 119. Bb3 Qf1+ 120. Bd1 Qf4 121. Rb2 Qc4+ 122. Kb1 Qd3+ 123. Ka2 Qa6+ 124. Kb3 Qb5+ 125. Ka3 Qc5+ 126. Rb4 Qc1+ 127. Ka2 Qd2+ 128. Rb2 Qa5+ 129. Kb1 Qf5+ 130. Kc1 Qc5+ 131. Bc2 1-0

[Event "NOR-ch Elite 2019"]
[Site "Larvik"]
[Date "2019.07.08"]
[Round "4.12"]
[White "Risting, Eivind Olav"]
[Black "Skrondal, Inge Sandstad"]
[Result "1/2-1/2"]
[ECO "D37"]
[WhiteElo "2314"]
[BlackElo "2312"]
[Annotator "NA"]
[PlyCount "46"]
[EventDate "2019.07.05"]
[EventType "swiss"]
[EventCountry "NOR"]
[SourceTitle "playchess.com"]
[Source "ChessBase"]
[SourceQuality "1"]
[TimeControl "40/5400+30:1800+30"]

1. d4 d5 2. c4 e6 3. Nc3 Nf6 4. Nf3 Be7 5. Bf4 O-O 6. e3 b6 7. cxd5 Nxd5 8. Nxd5 Qxd5 9. Bd3 Qa5+ 10. Kf1 Ba6 11. Bxc7 Bxd3+ 12. Qxd3 Na6 13. Bg3 Rfc8 14. a3 Nb4 15. Qd1 Qb5+ 16. Qe2 Qa4 17. h3 Rc2 18. Qd1 Nd5 19. Kg1 Qc4 20. Ne5 Qb3 21. Rb1 a5 22. Kh2 a4 23. Nd3 Rac8 1/2-1/2

[Event "NOR-ch Elite 2019"]
[Site "Larvik"]
[Date "2019.07.08"]
[Round "4.13"]
[White "Vitenberg, Noam Aviv"]
[Black "Ingebretsen, Jens E"]
[Result "1-0"]
[ECO "A50"]
[WhiteElo "2300"]
[BlackElo "2276"]
[Annotator "NA"]
[PlyCount "61"]
[EventDate "2019.07.05"]
[EventType "swiss"]
[EventCountry "NOR"]
[SourceTitle "playchess.com"]
[Source "ChessBase"]
[SourceQuality "1"]
[TimeControl "40/5400+30:1800+30"]

1. d4 Nf6 2. c4 b6 3. Nc3 Bb7 4. d5 c6 5. e4 cxd5 6. cxd5 e5 7. Bd3 Bb4 8. Nge2 Na6 9. a3 Bxc3+ 10. Nxc3 Nc5 11. Bc2 d6 12. O-O O-O 13. f4 exf4 14. Bxf4 Qe7 15. Bg5 Ncd7 16. Qf3 h6 17. Bh4 Qe5 18. Rae1 Rae8 19. Ba4 Rc8 20. Nb5 Rc4 21. Bg3 Qxb2 22. Rf2 Qxf2+ 23. Bxf2 Rxa4 24. Nxd6 Ba8 25. Qb3 Ra5 26. Nc4 Ra6 27. Qb5 Nb8 28. Bd4 Ne8 29. Be5 f5 30. Bxb8 Bb7 31. e5 1-0

[Event "NOR-ch Elite 2019"]
[Site "Larvik"]
[Date "2019.07.09"]
[Round "5.1"]
[White "Urkedal, Frode Olav Olsen"]
[Black "Tari, Aryan"]
[Result "0-1"]
[ECO "D85"]
[WhiteElo "2566"]
[BlackElo "2620"]
[Annotator "RC"]
[PlyCount "138"]
[EventDate "2019.07.05"]
[EventType "swiss"]
[EventCountry "NOR"]
[SourceTitle "playchess.com"]
[Source "ChessBase"]
[SourceQuality "1"]
[TimeControl "40/5400+30:1800+30"]

1. c4 g6 2. Nf3 Bg7 3. d4 Nf6 4. Nc3 d5 5. cxd5 Nxd5 6. e4 Nxc3 7. bxc3 c5 8. Be3 Qa5 9. Qd2 O-O 10. Rc1 Rd8 11. d5 e6 12. Bg5 f6 13. Be3 Nc6 14. Bd3 Ne7 15. c4 Qxd2+ 16. Nxd2 b6 17. Be2 Re8 18. O-O Bd7 19. Rfe1 f5 20. f3 h6 21. h4 Kh7 22. Bf2 Be5 23. g3 f4 24. Kg2 Nc8 25. Bd3 Nd6 26. Re2 g5 27. hxg5 hxg5 28. Nf1 Kg7 29. Nh2 exd5 30. exd5 fxg3 31. Bxg3 Bxg3 32. Kxg3 Rxe2 33. Bxe2 Rh8 34. Bd3 Rh3+ 35. Kg2 Rh4 36. Rc3 Kf6 37. Be2 Bh3+ 38. Kg3 Bc8 39. Ra3 Rh3+ 40. Kg2 Rh7 41. Ng4+ Bxg4 42. fxg4 Ke5 43. Re3+ Kd4 44. Rd3+ Ke4 45. Rd1 Ke3 46. Bf1 Rf7 47. Rd3+ Ke4 48. Rd2 Kf4 49. Re2 Rf6 50. Re7 Kxg4 51. Rxa7 Nf5 52. Be2+ Kf4 53. Bd3 Nh4+ 54. Kf2 g4 55. Rg7 Nf3 56. Be2 Ne5 57. Rg8 Ng6 58. Kg2 g3 59. Bh5 Nh4+ 60. Kh3 Nf5 61. Rg4+ Ke3 62. Kg2 Rh6 63. Rg5 Kf4 64. Rg4+ Ke5 65. Be8 Rh2+ 66. Kg1 Rxa2 67. Bd7 Ra1+ 68. Kg2 Ne3+ 69. Kxg3 Rg1+ 0-1

[Event "NOR-ch Elite 2019"]
[Site "Larvik"]
[Date "2019.07.09"]
[Round "5.2"]
[White "Holm, Kristian Stuvik"]
[Black "Notkevich, Benjamin Arvola"]
[Result "1/2-1/2"]
[ECO "E15"]
[WhiteElo "2469"]
[BlackElo "2497"]
[Annotator "ChessBase"]
[PlyCount "100"]
[EventDate "2019.07.05"]
[EventType "swiss"]
[EventCountry "NOR"]
[SourceTitle "playchess.com"]
[Source "ChessBase"]
[SourceQuality "1"]
[TimeControl "40/5400+30:1800+30"]

1. d4 Nf6 2. c4 e6 3. Nf3 b6 4. g3 Ba6 5. Nbd2 d5 6. Bg2 Be7 7. O-O O-O 8. b3 c5 9. Bb2 Nc6 10. Rc1 Rc8 11. dxc5 bxc5 12. cxd5 exd5 13. Ne5 Nxe5 14. Bxe5 Re8 15. Re1 Bb7 16. e3 Qb6 17. Qc2 Bf8 18. Bb2 h6 19. Qb1 Rcd8 20. Qa1 d4 21. Nc4 Qb5 22. f3 Nd5 23. Bf1 Qd7 24. e4 Nb4 25. a3 Nc6 26. f4 d3 27. Rcd1 Nd4 28. Bxd4 Qxd4+ 29. Qxd4 Rxd4 30. Bxd3 Red8 31. Bc2 Rxd1 32. Rxd1 Rxd1+ 33. Bxd1 Bxe4 34. Kf2 g6 35. Ke3 Bd5 36. Bf3 Be6 37. Be4 Bg7 38. Bc2 Bd4+ 39. Kf3 h5 40. f5 gxf5 41. Ne3 Bb2 42. a4 Kg7 43. Nxf5+ Kf6 44. Ne3 Bd4 45. Ke4 a5 46. Kf4 Be5+ 47. Kf3 Kg5 48. h4+ Kf6 49. g4 hxg4+ 50. Nxg4+ Bxg4+ 1/2-1/2

[Event "NOR-ch Elite 2019"]
[Site "Larvik"]
[Date "2019.07.09"]
[Round "5.3"]
[White "Lie, Kjetil A."]
[Black "Stokke, Kjetil"]
[Result "1-0"]
[ECO "A48"]
[WhiteElo "2538"]
[BlackElo "2336"]
[Annotator "ChessBase"]
[PlyCount "109"]
[EventDate "2019.07.05"]
[EventType "swiss"]
[EventCountry "NOR"]
[SourceTitle "playchess.com"]
[Source "ChessBase"]
[SourceQuality "1"]
[TimeControl "40/5400+30:1800+30"]

1. d4 Nf6 2. Nf3 g6 3. Bg5 Bg7 4. c3 O-O 5. Nbd2 d6 6. e4 c5 7. dxc5 dxc5 8. Bc4 Nc6 9. Qe2 Qc7 10. O-O h6 11. Bxf6 exf6 12. Nh4 Ne7 13. f4 f5 14. exf5 b5 15. Bd3 Nxf5 16. Nxf5 c4 17. Ne7+ Kh8 18. Bc2 Bb7 19. Rae1 Bf6 20. Nxg6+ fxg6 21. Bxg6 Bxc3 22. bxc3 Qb6+ 23. Rf2 Qxg6 24. Qe5+ Qg7 25. Qxb5 Rxf4 26. Qe5 Rxf2 27. Qxg7+ Kxg7 28. Kxf2 Rd8 29. Nxc4 Ba6 30. Re7+ Kf6 31. Rc7 Bxc4 32. Rxc4 Rd2+ 33. Kf3 Rxa2 34. h4 Kg6 35. Rc6+ Kg7 36. Rc7+ Kg6 37. Rc6+ Kg7 38. g3 a5 39. Kg4 Re2 40. Rc7+ Kg6 41. h5+ Kf6 42. Rh7 Re4+ 43. Kh3 a4 44. g4 Kg5 45. Rg7+ Kf4 46. Rf7+ Ke3 47. Kg3 a3 48. Ra7 Rf4 49. Rxa3 Rf3+ 50. Kh4 Rf1 51. Ra6 Rh1+ 52. Kg3 Rg1+ 53. Kh3 Kf4 54. Rf6+ Kg5 55. Rf5# 1-0

[Event "NOR-ch Elite 2019"]
[Site "Larvik"]
[Date "2019.07.09"]
[Round "5.4"]
[White "Elsness, Frode"]
[Black "Christiansen, Johan-Sebastian"]
[Result "0-1"]
[ECO "A13"]
[WhiteElo "2436"]
[BlackElo "2548"]
[Annotator "ChessBase"]
[PlyCount "116"]
[EventDate "2019.07.05"]
[EventType "swiss"]
[EventCountry "NOR"]
[SourceTitle "playchess.com"]
[Source "ChessBase"]
[SourceQuality "1"]
[TimeControl "40/5400+30:1800+30"]

1. c4 e6 2. Nf3 d5 3. g3 Nf6 4. b3 d4 5. e3 Nc6 6. exd4 Nxd4 7. Bb2 Bc5 8. Bg2 e5 9. O-O O-O 10. Nc3 Bg4 11. d3 c6 12. Na4 Nd7 13. Rc1 Qf6 14. Bxd4 exd4 15. Nxc5 Nxc5 16. b4 Ne6 17. h3 Bh5 18. Re1 a5 19. b5 Nc5 20. bxc6 bxc6 21. Rc2 h6 22. Rd2 Rae8 23. Rxe8 Rxe8 24. Re2 Rxe2 25. Qxe2 Bxf3 26. Bxf3 g6 27. Kg2 Kg7 28. Qd2 a4 29. a3 Qf5 30. Bxc6 Nxd3 31. Kg1 Ne5 32. Qxd4 Qf6 33. Qd5 Nxc6 34. Qb5 Nd4 35. Qxa4 Qf3 36. Qa7 Nc2 37. a4 Qd1+ 38. Kh2 Qd4 39. Qxd4+ Nxd4 40. a5 Kf6 41. Kg2 Ke5 42. a6 Nc6 43. Kf3 Kd4 44. h4 Kxc4 45. Ke4 Kc5 46. a7 Nxa7 47. Ke5 Nb5 48. g4 Nd6 49. Kf6 Kd4 50. Kg7 h5 51. gxh5 gxh5 52. Kh6 Ke5 53. Kxh5 Kf5 54. Kh6 Kg4 55. Kg7 f5 56. Kf6 Ne4+ 57. Kg6 Nxf2 58. h5 Nh3 0-1

[Event "NOR-ch Elite 2019"]
[Site "Larvik"]
[Date "2019.07.09"]
[Round "5.6"]
[White "Hauge, Lars Oskar"]
[Black "Vestby-Ellingsen, Mads"]
[Result "1-0"]
[ECO "B20"]
[WhiteElo "2476"]
[BlackElo "2335"]
[Annotator "ChessBase"]
[PlyCount "59"]
[EventDate "2019.07.05"]
[EventType "swiss"]
[EventCountry "NOR"]
[SourceTitle "playchess.com"]
[Source "ChessBase"]
[SourceQuality "1"]
[TimeControl "40/5400+30:1800+30"]

1. e4 c5 2. b3 d6 3. Bb2 e5 4. f4 exf4 5. Nf3 Nf6 6. Nc3 Be7 7. d4 O-O 8. dxc5 dxc5 9. Bc4 Nc6 10. O-O Bd6 11. Re1 Ng4 12. Nd5 Nce5 13. Bf1 Nxf3+ 14. Qxf3 Ne5 15. Qc3 Qg5 16. Kh1 Qh6 17. Qd2 Bd7 18. Qxf4 Qxf4 19. Nxf4 Rad8 20. Rad1 Bb8 21. Rd5 Ng4 22. Nh5 Rfe8 23. Nxg7 Re7 24. Nh5 Be5 25. Bxe5 Rxe5 26. Nf6+ Nxf6 27. Rxe5 Kf8 28. Bc4 Ng4 29. Rxc5 Bc6 30. Rf5 1-0

[Event "NOR-ch Elite 2019"]
[Site "Larvik"]
[Date "2019.07.09"]
[Round "5.7"]
[White "Mihajlov, Sebastian"]
[Black "Haldorsen, Benjamin"]
[Result "1/2-1/2"]
[ECO "A47"]
[WhiteElo "2375"]
[BlackElo "2444"]
[Annotator "NA"]
[PlyCount "82"]
[EventDate "2019.07.05"]
[EventType "swiss"]
[EventCountry "NOR"]
[SourceTitle "playchess.com"]
[Source "ChessBase"]
[SourceQuality "1"]
[TimeControl "40/5400+30:1800+30"]

1. d4 Nf6 2. Nf3 c5 3. e3 b6 4. Bd3 Bb7 5. O-O e6 6. b3 Nc6 7. Bb2 Nb4 8. Be2 Qc7 9. a3 Nc6 10. c4 cxd4 11. exd4 d5 12. Nbd2 Bd6 13. Rc1 O-O 14. c5 bxc5 15. dxc5 Bf4 16. b4 a6 17. g3 Bh6 18. Nh4 Ne4 19. f4 Rfd8 20. Qc2 Rab8 21. Nb3 f6 22. Rcd1 Kh8 23. Bd3 Rd7 24. Qe2 Rdd8 25. Bxa6 Bxa6 26. Qxa6 e5 27. Nf5 exf4 28. Nxh6 fxg3 29. Qe2 Nxb4 30. axb4 Rxb4 31. Rd3 Rdb8 32. Rff3 gxh2+ 33. Qxh2 Qxh2+ 34. Kxh2 Nxc5 35. Nxc5 Rxb2+ 36. Kh3 gxh6 37. Nd7 Rd8 38. Nxf6 d4 39. Rg3 Rb4 40. Rd2 Rc4 41. Rdg2 Rc3 1/2-1/2

[Event "NOR-ch Elite 2019"]
[Site "Larvik"]
[Date "2019.07.09"]
[Round "5.8"]
[White "Haug, Johannes"]
[Black "Moen, Andreas G.R."]
[Result "1-0"]
[ECO "D04"]
[WhiteElo "2431"]
[BlackElo "2322"]
[Annotator "NA"]
[PlyCount "57"]
[EventDate "2019.07.05"]
[EventType "swiss"]
[EventCountry "NOR"]
[SourceTitle "playchess.com"]
[Source "ChessBase"]
[SourceQuality "1"]
[TimeControl "40/5400+30:1800+30"]

1. d4 Nf6 2. Nf3 d5 3. e3 c5 4. Nbd2 cxd4 5. exd4 Nc6 6. c3 a6 7. Bd3 Bg4 8. O-O e6 9. Qe1 Bh5 10. Ne5 Nxe5 11. dxe5 Nd7 12. f4 Nc5 13. Bb1 Bg6 14. Nf3 Nd3 15. Bxd3 Bxd3 16. Rf2 Be4 17. Be3 Rc8 18. Nd4 Bc5 19. b4 Be7 20. f5 exf5 21. Nxf5 Bxf5 22. Rxf5 Qd7 23. Qf2 Rxc3 24. Rf1 O-O 25. Rxf7 Qe8 26. e6 Bf6 27. Bd4 Rc2 28. Qxc2 Bxd4+ 29. Kh1 1-0

[Event "NOR-ch Elite 2019"]
[Site "Larvik"]
[Date "2019.07.09"]
[Round "5.9"]
[White "Mikalsen, Erlend"]
[Black "Andersen, Alf Roger"]
[Result "1/2-1/2"]
[ECO "C12"]
[WhiteElo "2404"]
[BlackElo "2149"]
[Annotator "NA"]
[PlyCount "61"]
[EventDate "2019.07.05"]
[EventType "swiss"]
[EventCountry "NOR"]
[SourceTitle "playchess.com"]
[Source "ChessBase"]
[SourceQuality "1"]
[TimeControl "40/5400+30:1800+30"]

1. e4 e6 2. d4 d5 3. Nc3 Nf6 4. Bg5 Bb4 5. e5 h6 6. Bc1 Ne4 7. Qg4 g6 8. a3 Bxc3+ 9. bxc3 c5 10. Bd3 Qa5 11. Ne2 cxd4 12. O-O dxc3 13. Bxe4 dxe4 14. Qg3 Nc6 15. Nxc3 Nd4 16. Kh1 Nf5 17. Qh3 e3 18. Bb2 exf2 19. Ne4 Kf8 20. Rad1 Qb5 21. Bc3 Qe2 22. Qd3 Qxd3 23. Rxd3 b6 24. Rxf2 Kg7 25. Nd6 Ba6 26. Rdf3 h5 27. Nxf5+ gxf5 28. Rg3+ Kf8 29. Rd2 Ke8 30. Bb4 Rd8 31. Bd6 1/2-1/2

[Event "NOR-ch Elite 2019"]
[Site "Larvik"]
[Date "2019.07.09"]
[Round "5.10"]
[White "Tryggestad, Andreas Garberg"]
[Black "Kaasen, Tor Fredrik"]
[Result "1-0"]
[ECO "D85"]
[WhiteElo "2336"]
[BlackElo "2376"]
[Annotator "NA"]
[PlyCount "155"]
[EventDate "2019.07.05"]
[EventType "swiss"]
[EventCountry "NOR"]
[SourceTitle "playchess.com"]
[Source "ChessBase"]
[SourceQuality "1"]
[TimeControl "40/5400+30:1800+30"]

1. d4 Nf6 2. c4 g6 3. Nc3 d5 4. cxd5 Nxd5 5. e4 Nxc3 6. bxc3 Bg7 7. Nf3 c5 8. Rb1 O-O 9. Be2 b6 10. O-O e6 11. Bg5 Qd6 12. e5 Qc7 13. Nd2 Bb7 14. Nc4 Bd5 15. Ne3 Be4 16. Bd3 Bxd3 17. Qxd3 Nd7 18. Qe4 Rae8 19. Bf4 Rc8 20. h4 Qc6 21. Qd3 Rfd8 22. Qa6 Rc7 23. Rfd1 Nb8 24. Qe2 Rcd7 25. Bg5 Rc8 26. h5 gxh5 27. d5 exd5 28. Nf5 Qg6 29. Ne7+ Rxe7 30. Bxe7 Re8 31. Bh4 Rxe5 32. Qb5 Nc6 33. Qa6 Re4 34. Qc8+ Bf8 35. Qh3 Ne5 36. Kh1 Qe6 37. Bg3 h4 38. Bxe5 Qxh3+ 39. gxh3 Rxe5 40. Rd3 Bg7 41. Rbd1 Re2 42. Re3 Rxe3 43. fxe3 Bxc3 44. Rxd5 c4 45. Kg2 Kf8 46. Rd7 Bb4 47. Kf3 c3 48. Ke2 c2 49. Rc7 Bc5 50. Kd2 c1=Q+ 51. Kxc1 Bxe3+ 52. Kc2 a5 53. Kd3 Bc5 54. a4 Kg7 55. Ke4 Kg6 56. Rc6+ Kg5 57. Rc7 f5+ 58. Ke5 f4 59. Rg7+ Kh6 60. Rf7 Be3 61. Kf5 Bf2 62. Kxf4 Kg6 63. Re7 Kf6 64. Rxh7 Ke6 65. Ke4 Kd6 66. Rh5 Kc6 67. Kd3 Kb7 68. Kc4 Ka6 69. Rh7 Bg3 70. Kd5 Bf2 71. Kc6 Bg3 72. Rh8 Ka7 73. Kb5 Bf2 74. Rh7+ Kb8 75. Kc6 Ka8 76. Rf7 Be3 77. Rf3 Bc5 78. Rf4 1-0

[Event "NOR-ch Elite 2019"]
[Site "Larvik"]
[Date "2019.07.09"]
[Round "5.11"]
[White "Ranaldi, Lucas"]
[Black "Risting, Eivind Olav"]
[Result "1-0"]
[ECO "A13"]
[WhiteElo "2262"]
[BlackElo "2314"]
[Annotator "NA"]
[PlyCount "79"]
[EventDate "2019.07.05"]
[EventType "swiss"]
[EventCountry "NOR"]
[SourceTitle "playchess.com"]
[Source "ChessBase"]
[SourceQuality "1"]
[TimeControl "40/5400+30:1800+30"]

1. Nf3 d5 2. e3 Nf6 3. c4 e6 4. b3 b6 5. Bb2 Bd6 6. cxd5 exd5 7. Be2 O-O 8. O-O Qe7 9. Nc3 c6 10. Qc2 Re8 11. Rfe1 Bb7 12. Bf1 Nbd7 13. g3 Nc5 14. d3 a5 15. Bg2 a4 16. Rad1 axb3 17. axb3 Na6 18. e4 dxe4 19. dxe4 Nb4 20. Qb1 Ng4 21. h3 Ne5 22. Nd4 Qc7 23. Ndb5 cxb5 24. Nxb5 Qc6 25. Nxd6 Re7 26. Nf5 Ree8 27. f4 Ng6 28. Nxg7 Red8 29. Nf5 Qc2 30. Qxc2 Nxc2 31. Rxd8+ Rxd8 32. Re2 Rd1+ 33. Kf2 Na1 34. Bxa1 Rxa1 35. e5 Bxg2 36. Kxg2 Rb1 37. Re3 Kf8 38. Kf3 Ke8 39. e6 fxe6 40. Rxe6+ 1-0

[Event "NOR-ch Elite 2019"]
[Site "Larvik"]
[Date "2019.07.09"]
[Round "5.12"]
[White "Skrondal, Inge Sandstad"]
[Black "Vitenberg, Noam Aviv"]
[Result "1/2-1/2"]
[ECO "D42"]
[WhiteElo "2312"]
[BlackElo "2300"]
[Annotator "NA"]
[PlyCount "81"]
[EventDate "2019.07.05"]
[EventType "swiss"]
[EventCountry "NOR"]
[SourceTitle "playchess.com"]
[Source "ChessBase"]
[SourceQuality "1"]
[TimeControl "40/5400+30:1800+30"]

1. Nf3 Nf6 2. c4 e6 3. Nc3 d5 4. d4 c5 5. cxd5 Nxd5 6. e3 Nc6 7. Bd3 Nxc3 8. bxc3 Be7 9. O-O O-O 10. Qe2 b6 11. Rd1 Qc7 12. Bb2 Bb7 13. Rac1 Rac8 14. e4 Na5 15. Qe3 Qb8 16. h4 Qa8 17. Re1 cxd4 18. cxd4 Rxc1 19. Rxc1 Rc8 20. Rxc8+ Qxc8 21. Qe2 Nc6 22. Bc4 Bf6 23. h5 Qd8 24. d5 exd5 25. Bxd5 Bxb2 26. Qxb2 Na5 27. Qd4 Bxd5 28. exd5 Nb7 29. g4 h6 30. Kg2 Qd6 31. Qa4 Qxd5 32. Qxa7 b5 33. a3 Nd6 34. Qd4 Qc6 35. Kg3 Ne4+ 36. Kf4 Nf6 37. Qd8+ Kh7 38. Qd3+ Kg8 39. Qd8+ Kh7 40. Qd3+ Kg8 {[%emt 0:01:27] Ke4} 41. Qd8+ 1/2-1/2